 Dungeon Crawl Stone Soup version 0.20-a0-466-gc52d0eb (webtiles) character file.

918 Asddderdsw the Digger (level 7, -2/53 HPs)
             Began as a Demigod Earth Elementalist on Jan 12, 2017.
             Killed by divine providence
             ... invoked by an orc priest
              (13 damage)
             ... on level 6 of the Dungeon.
             The game lasted 01:16:57 (5170 turns).

Asddderdsw the Digger (Demigod Earth Elementalist)  Turns: 5170, Time: 01:16:58

Health: -2/53      AC:  8    Str: 11    XL:     7   Next: 53%
Magic:  16/16      EV: 13    Int: 23    God:
Gold:   205        SH:  0    Dex: 16    Spells: 4/14 levels left

rFire  + . .     SeeInvis .     H - +0 dagger (chaos)
rCold  + . .     Gourm    +     c - +1 robe
rNeg   . . .     Faith    .     (no shield)
rPois  +         Spirit   .     E - +0 helmet
rElec  +         Reflect  .     t - +0 cloak
rCorr  +         Harm     .     (no gloves)
MR     .....                    (no boots)
Stlth  ++........               j - amulet of the gourmand
                                (no ring)
                                a - +3 ring of protection

@: resistant
A: high mp 1
a: no special abilities


You were on level 6 of the Dungeon.
You were very full.

You visited 1 branch of the dungeon, and saw 6 of its levels.

You collected 205 gold pieces.

Inventory:

Hand Weapons
 s - a +0 flail
 D - a +0 trident
 H - a +0 dagger of chaos (weapon)
Missiles
 b - 78 stones (quivered)
 f - 62 sling bullets
 l - 125 arrows
 m - 5 tomahawks
 n - 25 bolts
 o - 23 poisoned needles
Armour
 c - a +1 robe (worn)
 t - a +0 cloak (worn)
 u - a +0 leather armour
 E - a +0 helmet (worn)
Jewellery
 a - a +3 ring of protection (left hand)
 g - an uncursed amulet of harm
 j - an amulet of the gourmand (around neck)
 w - an uncursed ring of fire
 F - an uncursed amulet of rage {unknown}
Scrolls
 i - a scroll of amnesia
 p - 2 scrolls of magic mapping
 y - a scroll of identify
 I - a scroll of noise {unknown}
Potions
 r - a potion of haste {unknown}
 v - a potion of cure mutation {unknown}
 A - a potion of might {unknown}
 C - a potion of magic {unknown}
 J - 2 potions of beneficial mutation {unknown}
 K - a potion of brilliance {unknown}
Books
 e - a book of Geomancy

   Spells                             Type                      Level
   a - Sandblast                      Earth                        1
   b - Passwall                       Transmutation/Earth          2
   c - Stone Arrow                    Conjuration/Earth            3
   d - Petrify                        Transmutation/Earth          4
   e - Lee's Rapid Deconstruction     Earth                        5
Comestibles
 d - 3 bread rations
 h - 3 meat rations
 k - a beef jerky
 q - 6 fruits
 B - a slice of pizza


   Skills:
 + Level 1.7 Fighting
 + Level 0.3 Short Blades
 + Level 1.8 Maces & Flails
 + Level 0.6 Throwing
 + Level 0.3 Armour
 + Level 2.7 Dodging
 + Level 2.9 Stealth
 + Level 4.3 Spellcasting
 + Level 2.5 Conjurations
 + Level 1.0 Transmutations
 + Level 5.0 Earth Magic


You had 4 spell levels left.
You knew the following spells:

 Your Spells              Type           Power        Failure   Level  Hunger
a - Sandblast             Erth           ####..       1%          1    None
b - Stone Arrow           Conj/Erth      ###...       10%         3    ##.....
c - Passwall              Tmut/Erth      ###.......   4%          2    None
d - Petrify               Tmut/Erth      ###.....     30%         4    ####...


Dungeon Overview and Level Annotations

Branches:
Dungeon (6/15)
 Temple: D:4-7


Innate Abilities, Weirdness & Mutations

You have an increased reservoir of magic. (+10% MP)


Message History

As you read the scroll of fear, it crumbles to dust.
You assume a fearsome visage.
The orc looks frightened!
The orc wizard looks frightened!
The orc warrior looks frightened!
The orc wizard gestures wildly while chanting.
The orc wizard flickers and vanishes!
Deactivating autopickup; reactivate with Ctrl-A.
You climb downwards.
There is a stone staircase leading up, spattered with blood here.
You feel protected.
Casting: Passwall
Confirm with . or Enter, or press ? or * to list all spells.
Okay, then.
As you read the scroll of fog, it crumbles to dust.
The scroll dissolves into smoke.
The orc priest hits you but does no damage.
The orc priest hits you with a mace.
* * * LOW HITPOINT WARNING * * *
The orc priest mumbles some strange prayers to Beogh against you.
Beogh smites you!
You die...

##########
#..§§§§..#
#..o§§§§.#
#...§..§)#
#.@......#
#........#
#...>....#
##.###.###
#.# ...
#.. ...
#.. .. #..


You could see an orc priest.

Vanquished Creatures
  Grinder (D:3)
  A phantom (D:3)
  A centaur (D:4)
  A howler monkey (D:4)
  5 crimson imps
  2 hounds
  An orc priest (D:3)
  A bullfrog skeleton (D:4)
  Ijyb (D:2)
  A worker ant (D:4)
  3 gnolls
  4 adders
  3 shadow imps
  2 oozes
  2 dart slugs
  6 leopard geckos
  10 orcs
  4 giant cockroaches
  7 goblins
  7 hobgoblins
  6 jackals
  2 quokkas
  A ball python (D:2)
  7 bats
  2 frilled lizards
  8 kobolds
  A leopard gecko skeleton (D:4)
  6 rats
96 creatures vanquished.

Notes
Turn   | Place    | Note
-------+----------+-------------------------------------------
     0 | D:1      | Asddderdsw the Demigod Earth Elementalist began the quest for the Orb.
     0 | D:1      | Reached XP level 1. HP: 14/14 MP: 5/5
   299 | D:1      | Reached skill level 3 in Earth Magic
   303 | D:1      | Reached XP level 2. HP: 20/20 MP: 1/7
   779 | D:2      | Found a stormy altar of Qazlal.
  1057 | D:2      | Reached XP level 3. HP: 22/26 MP: 7/9
  1127 | D:2      | Learned a level 3 spell: Stone Arrow
  1130 | D:2      | Learned a level 2 spell: Passwall
  1247 | D:2      | Found a burning altar of Makhleb.
  1352 | D:2      | Noticed Ijyb
  1381 | D:2      | Killed Ijyb
  1485 | D:2      | Reached XP level 4. HP: 28/33 MP: 0/10
  1863 | D:3      | Noticed a two-headed ogre
  1892 | D:3      | Reached skill level 1 in Maces & Flails
  2096 | D:4      | HP: 1/34 [ooze (4)]
  2098 | D:4      | Noticed a phantom
  2392 | D:3      | Reached XP level 5. HP: 32/39 MP: 0/12
  2546 | D:3      | Reached skill level 4 in Earth Magic
  3079 | D:3      | Reached skill level 1 in Fighting
  3089 | D:3      | Learned a level 3 spell: Stone Arrow
  3094 | D:3      | Learned a level 4 spell: Petrify
  3315 | D:4      | Reached skill level 1 in Conjurations
  3445 | D:4      | Found a shimmering altar of Xom.
  3448 | D:4      | Reached XP level 6. HP: 47/47 MP: 10/14
  3458 | D:4      | Found a blossoming altar of Fedhas.
  3770 | D:5      | Entered Level 5 of the Dungeon
  3816 | D:5      | Noticed Grinder
  3942 | D:4      | Paralysed by Grinder for 4 turns
  3957 | D:4      | Paralysed by Grinder for 4 turns
  4322 | D:3      | Reached XP level 7. HP: 51/52 MP: 1/16
  4406 | D:3      | Killed Grinder
  4505 | D:5      | Reached skill level 1 in Transmutations
  4618 | D:5      | Reached skill level 5 in Earth Magic
  5170 | D:6      | Killed from afar by an orc priest

Vault maps used:
D:1:      denvon_arrival_waterhouse
D:2:      makhleb_grotto_becter, nicolae_qazlal_general_emergency, first_bread,
          uniq_iyjb
D:3:      minivault_25, lightli_corner_chamber
D:4:      fedhas_bush_and_centaur_altar, led_xom_imps
D:5:      serial_corexii_hall, corexii_hall_statues_x, corexii_hall_statues_x,
          chequers_ossuary_entry_cave, grunt_decor_one_mirror, st_stairs_1,
          uniq_grinder
D:6:      kennysheep_little_box, kennysheep_generic_room_14, uniq_sigmund,
          uniq_pikel

Skill      XL: |  1  2  3  4  5  6  7 |
---------------+----------------------+-----
Earth Magic    | 3 4 5 |  5.0
Spellcasting   | 2 3 4 |  4.3
Stealth        | 2 |  2.9
Dodging        | 2 |  2.7
Maces & Flails | 1 |  1.8
Fighting       | 1 |  1.7
Conjurations   | 1 2 |  2.5
Transmutations | 1 |  1.0
Short Blades   | |  0.3
Throwing       | |  0.6
Armour         | |  0.3

Action                   |  1- 3 |  4- 6 |  7- 9 || total
-------------------------+-------+-------+-------++-------
Melee: Short sword       |     5 |       |       ||     5
       Unarmed           |     1 |       |       ||     1
       Flail             |    18 |    60 |       ||    78
       Dagger            |    11 |     7 |    14 ||    32
Throw: Stone             |       |     5 |       ||     5
 Cast: Sandblast         |    45 |    22 |     3 ||    70
       Stone Arrow       |     3 |    54 |    15 ||    72
       Passwall          |       |     1 |       ||     1
  Use: Scroll            |     9 |     9 |     2 ||    20
       Potion            |     4 |     2 |     1 ||     7
 Stab: Sleeping          |       |       |     1 ||     1
  Eat: Chunk             |     4 |    19 |     4 ||    27
Armor: Robe              |    26 |    26 |     3 ||    55
       Leather armour    |       |     1 |       ||     1
Dodge: Dodged            |    58 |    77 |    10 ||   145
